 Dungeon Crawl Stone Soup version 0.23.2 (webtiles) character file.

Game seed: 10600097002870056047

630 Borgoz the Ducker (level 7, 0/57 HPs)
             Began as a Ghoul Gladiator on Apr 4, 2019.
             Slain by a crimson imp (1 damage)
             ... on level 5 of the Dungeon.
             The game lasted 00:07:05 (4128 turns).

Borgoz the Ducker (Ghoul Gladiator)                 Turns: 4128, Time: 00:07:06

Health: 0/57       AC:  6    Str: 18    XL:     7   Next: 48%
Magic:  2/2        EV: 13    Int:  4    God:
Gold:   283        SH:  0    Dex: 11    Spells: 6/6 levels left

rFire    . . .     SeeInvis .   e - +1 dagger (antimagic)
rCold    + . .     Gourm    .   (no shield)
rNeg     + + +     Faith    .   i - +2 leather armour {MR+}
rPois    ∞         Spirit   .   c - +0 helmet
rElec    .         Reflect  .   (no cloak)
rCorr    .         Harm     .   (no gloves)
MR       +....                  (no boots)
Stlth    ++........             (no amulet)
HPRegen  0.00/turn              (no ring)
MPRegen  0.08/turn              (no ring)

@: rotting
A: rotting body, claws 1, carnivore, cold resistance 1, negative energy
resistance 3, inhibited regeneration, torment resistance, unbreathing
a: no special abilities


You were on level 5 of the Dungeon.
You were not hungry.

You visited 1 branch of the dungeon, and saw 5 of its levels.

You collected 283 gold pieces.

Inventory:

Hand Weapons
 a - a +0 rapier
 e - a +1 antimagic dagger (weapon)
Missiles
 q - 4 tomahawks of returning (quivered)
Armour
 c - a +0 helmet (worn)
 i - a +2 leather armour of magic resistance (worn)
Jewellery
 j - a +2 ring of strength {unknown}
Wands
 g - a wand of paralysis (8)
Scrolls
 h - 3 scrolls of immolation {unknown}
 k - 2 scrolls of blinking {unknown}
 l - a scroll of teleportation {unknown}
 m - a scroll of enchant armour {unknown}
 n - 2 scrolls of enchant weapon {unknown}
 o - a scroll of noise {unknown}
 p - a scroll of fog {unknown}
 r - a scroll of random uselessness {unknown}
 v - 2 scrolls of fear {unknown}
 w - 2 scrolls of remove curse {unknown}
Potions
 t - a potion of brilliance
Comestibles
 f - 7 rations


   Skills:
 + Level 3.5 Fighting
 * Level 4.4 Short Blades
 - Level 1.7 Throwing
 * Level 3.5 Armour
 * Level 4.4 Dodging
 + Level 2.8 Stealth


You had 6 spell levels left.
You didn't know any spells.
Your spell library contained the following spells:

 Spells                   Type           Power        Failure   Level  Hunger
 Shock                    Conj/Air       #...         56%         1    ##.....
 Sticks to Snakes         Tmut           #.......     71%         2    ###....
 Swiftness                Chrm/Air       #.......     71%         2    ###....
 Static Discharge         Conj/Air       #.......     90%         3    ####...
 Airstrike                Air            #.........   100%        4    #####..
 Lightning Bolt           Conj/Air       #.........   100%        5    ######.
 Beastly Appendage        Tmut           Unusable     N/A         1    N/A
 Spider Form              Tmut/Pois      Unusable     N/A         3    N/A
 Ice Form                 Ice/Tmut       Unusable     N/A         4    N/A
 Blade Hands              Tmut           Unusable     N/A         5    N/A

Dungeon Overview and Level Annotations

Branches:
Dungeon (5/15)
 Temple: D:4-7

Altars:
Elyvilon
Yredelemnul


Innate Abilities, Weirdness & Mutations

Your body is rotting away.
You thrive on raw meat.
You are immune to poison.
You have sharp fingernails.
You are carnivorous and can eat meat at any time.
Your flesh is cold resistant. (rC+)
You are immune to negative energy. (rN+++)
You do not regenerate when monsters are visible.
You are immune to unholy pain and torment.
You can survive without breathing.


Message History

* * * LOW HITPOINT WARNING * * *
Something shocks you.
* * * LOW HITPOINT WARNING * * *
The crimson imp struggles against the net.
You barely miss something. Something hits you but does no damage.
The crimson imp blinks!
You miss something. Something hits you but does no damage.
You miss something. Something hits you but does no damage.
You closely miss something.
The crimson imp blinks!
You barely miss something. Something barely misses you.
You barely miss something. The crimson imp hits you.
* * * LOW HITPOINT WARNING * * *
Something hits you but does no damage.
You miss something. Something barely misses you.
The crimson imp closely misses you.
You barely miss something. You closely miss something.
Something hits you but does no damage. The crimson imp closely misses you.
You miss something. The crimson imp hits you.
You die...

###### .##### #....# #####
.....###########5...#########....
.....'...(.....{@................
.....##...######....#########....
..........# ###### #.........
.............. +.........
####.....##### #......... #.....#
#......... #.....# #.........
####### #######... ### #.##


You could see a crimson imp.

Vanquished Creatures
  Prince Ribbit (D:5)
  Eustachio (D:4)
  A scorpion (D:4)
  An orc priest (D:4)
  A hound (D:4)
  An orc wizard (D:2)
  A worker ant (D:4)
  A hound skeleton (D:4)
  A howler monkey skeleton (D:5)
  3 adders (D:2)
  An ooze (D:3)
  2 dart slugs
  2 leopard geckos (D:2)
  19 orcs
  2 giant cockroaches
  10 goblins
  6 hobgoblins
  2 kobolds
  A quokka (D:4)
  2 ball pythons
  7 bats
  8 frilled lizards
  A jackal skeleton (D:4)
  10 rats
85 creatures vanquished.

Notes
Turn   | Place    | Note
-------+----------+-------------------------------------------
     0 | D:1      | Borgoz the Ghoul Gladiator began the quest for the Orb.
     0 | D:1      | Reached XP level 1. HP: 17/17 MP: 0/0
   127 | D:1      | Reached XP level 2. HP: 14/24 MP: 0/1
   408 | D:1      | Reached skill level 1 in Armour
   555 | D:1      | Reached XP level 3. HP: 26/30 MP: 0/2
   720 | D:2      | Found a basalt altar of Yredelemnul.
  1149 | D:2      | Found a faded altar of an unknown god.
  1298 | D:2      | Reached XP level 4. HP: 37/37 MP: 1/3
  1329 | D:2      | Reached skill level 1 in Stealth
  1885 | D:3      | Reached XP level 5. HP: 34/42 MP: 1/4
  2659 | D:4      | Noticed Eustachio
  2715 | D:4      | Killed Eustachio
  2715 | D:4      | Reached XP level 6. HP: 8/51 MP: 1/5
  3696 | D:5      | Entered Level 5 of the Dungeon
  3705 | D:5      | Found a white marble altar of Elyvilon.
  3742 | D:5      | Reached XP level 7. HP: 55/57 MP: 2/6
  3759 | D:5      | Noticed Prince Ribbit
  3788 | D:5      | Killed Prince Ribbit
  4124 | D:5      | HP: 1/57 [crimson imp (3)]
  4128 | D:5      | Slain by a crimson imp

Skill      XL: |  1  2  3  4  5  6 |
---------------+-------------------+-----
Dodging        | 3 4 |  4.4
Armour         | 1 2 3 |  3.5
Short Blades   | 3 4 |  4.4
Stealth        | 1 2 |  2.8
Fighting       | 3 |  3.5
Throwing       | |  1.7

Action                   |  1- 3 |  4- 6 |  7- 9 || total
-------------------------+-------+-------+-------++-------
Melee: Dagger            |   144 |   362 |    65 ||   571
       Rapier            |     6 |       |       ||     6
Throw: Throwing net      |     1 |       |     4 ||     5
  Use: Potion            |       |     6 |     2 ||     8
       Scroll            |       |     4 |       ||     4
 Stab: Invisible         |       |     2 |       ||     2
  Eat: Chunk             |    12 |    24 |     2 ||    38
Armor: Leather armour    |    23 |   116 |    26 ||   165
Dodge: Dodged            |    82 |   285 |    33 ||   400
